 Dungeon Crawl Stone Soup version 0.18.1-8-gdd0e5ea (webtiles) character file.

81 zeroDi the Sneak (level 4, 0/23 HPs)
             Began as a Vine Stalker Assassin on May 30, 2016.
             Slain by a howler monkey (1 damage)
             ... on level 4 of the Dungeon.
             The game lasted 00:05:40 (1532 turns).

zeroDi the Sneak (Vine Stalker Assassin)            Turns: 1532, Time: 00:05:40

Health: 0/23       AC:  4    Str:  9 (11) XL:     4   Next: 42%
Magic:  0/5        EV: 11    Int:  8 (11) God:
Gold:   148        SH:  0    Dex: 15 (17) Spells: 0 memorised, 3 levels left

rFire  . . .     SeeInvis .     a - +2 dagger
rCold  . . .     Gourm    .     c - +0 robe
rNeg   . . .     Faith    .     (no shield)
rPois  .         Spirit   +     k - +1 hat
rElec  .         Dismiss  .     d - +0 cloak
rCorr  .         Reflect  .     (no gloves)
SustAt .         Harm     .     (no boots)
MR     .....                    (no amulet)
Stlth  +++.......               (no ring)
                                (no ring)

@: very slightly contaminated, invisible, not resistant to hostile enchantments,
fairly stealthy
A: fangs 2, horns 1, regeneration 1, weak 1, magic shield, antimagic bite, no
device heal 3, rot immunity, MP-powered wands
a: no special abilities


You were on level 4 of the Dungeon.
You were not hungry.

You visited 1 branch of the dungeon, and saw 4 of its levels.

You collected 148 gold pieces.


Innate Abilities, Weirdness & Mutations

You have extremely sharp teeth.
Your natural rate of healing is unusually fast.
When hurt, damage is shared between your health and your magic reserves.
Your bite disrupts and absorbs the magic of your enemies.
Potions and wands cannot restore your health.
You are immune to rotting.
You have a pair of small horns on your head.
You are weak. (Str -2)
You expend magic power (3 MP) to strengthen your wands.


   Skills:
 - Level 1.7 Fighting
 + Level 4.1 Short Blades
 - Level 1.7 Throwing
 - Level 0.7 Dodging
 - Level 4.8 Stealth


You had 3 spell levels left.
You didn't know any spells.

Inventory:

Hand Weapons
 a - a +2 dagger (weapon)
 b - a +0 blowgun
 o - a +2 vampiric dagger
Missiles
 e - 27 poisoned needles
 f - 2 curare-tipped needles {=f}
Armour
 c - a +0 robe (worn)
 d - a +0 cloak (worn)
 k - a +1 hat (worn)
Scrolls
 h - a scroll of remove curse
 i - 2 scrolls of identify {@r1}
Potions
 l - a potion of invisibility
 p - a potion of mutation {!q}
Books
 n - a book of the Sky

   Spells                             Type                      Level
   a - Summon Lightning Spire         Summoning/Air                4
   b - Airstrike                      Air                          4
   c - Silence                        Hexes/Air                    5
   d - Deflect Missiles               Charms/Air                   6
   e - Conjure Ball Lightning         Conjuration/Air              6
   f - Tornado                        Air                          9
Comestibles
 g - 3 bread rations
 r - a meat ration
 t - 5 chunks of flesh

Dungeon Overview and Level Annotations

Branches:
Dungeon (4/15)
 Temple: D:4-7

Altars:
Kikubaaqudgha
Ru

Annotations:
D:2 Sigmund
D:3 Terence

####
#l.
#h#
#@#
#o#
#.#
#.#
#.#
#..
##.
.


You could see a howler monkey, an orc wizard and a giant gecko.


Message History

The howler monkey barely misses you. x2; The orc wizard hits you with a dagger.
* * * LOW HITPOINT WARNING * * *
The howler monkey hoots and howls with incredible vigour!
The orc wizard barely misses you.
Autopickup is now off.
Read which item? (? for menu, Esc to quit)
Okay, then.
Drink which item? (? for menu, Esc to quit)
It was a potion of invisibility.
You fade into invisibility!
The giant gecko hisses menacingly.
The orc wizard falters for a moment.
The howler monkey closely misses you. The howler monkey misses you.
You are very lightly contaminated with residual magic.
You hit the orc wizard. Your headbutt misses the orc wizard.
The orc wizard is moderately wounded.
The orc wizard hits you but does no damage.
The howler monkey hits you but does no damage.
The howler monkey bites you.
You die...

Action                   |  1- 3 |  4- 6 || total
-------------------------+-------+-------++-------
Melee: Dagger            |   104 |    35 ||   139
       Bite              |    17 |    12 ||    29
  Use: Scroll            |     2 |       ||     2
       Potion            |       |     7 ||     7
 Stab: Sleeping          |    19 |     2 ||    21
       Distracted        |     1 |       ||     1
  Eat: Chunk             |     1 |     1 ||     2
Armor: Robe              |    23 |    12 ||    35
Dodge: Dodged            |    56 |    20 ||    76

Vault maps used:
D:1:      lightli_iron_boxes
D:2:      lemuel_coloured_pillars_altar, ecumenical_altar_2,
          minmay_misc_feat_room, hangedman_decor_growths,
          nicolae_ru_the_path_less_chosen, uniq_sigmund
D:3:      first_bread, uniq_terence
D:4:      elyvilon_altar_1

Notes
Turn   | Place    | Note
--------------------------------------------------------------
     0 | D:1      | zeroDi the Vine Stalker Assassin began the quest for the Orb.
     0 | D:1      | Reached XP level 1. HP: 11/11 MP: 2/2
   101 | D:1      | Reached skill level 2 in Short Blades
   196 | D:1      | Reached XP level 2. HP: 15/15 MP: 3/3
   543 | D:1      | Reached skill level 3 in Short Blades
   543 | D:1      | Reached XP level 3. HP: 18/18 MP: 4/4
   746 | D:2      | Found a faded altar to an unknown god.
   961 | D:2      | Found a sacrificial altar of Ru.
  1070 | D:2      | Found an ancient bone altar of Kikubaaqudgha.
  1194 | D:2      | Noticed Sigmund
  1276 | D:3      | Reached XP level 4. HP: 23/23 MP: 5/5
  1456 | D:3      | Reached skill level 4 in Short Blades
  1519 | D:3      | Noticed Terence
  1526 | D:4      | HP: 2/23 [orc wizard/magic dart (4)]
  1527 | D:4      | Gained mutation: You are partially covered in yellow scales (AC +2). [potion of beneficial mutation]
  1528 | D:4      | Lost mutation: You are partially covered in yellow scales (AC +2). [potion of cure mutation]
  1530 | D:4      | Gained mutation: You have a pair of small horns on your head. [potion of mutation]
  1530 | D:4      | Gained mutation: You expend magic power (3 MP) to strengthen your wands. [potion of mutation]
  1530 | D:4      | Gained mutation: You are weak. (Str -2) [potion of mutation]
  1532 | D:4      | Slain by a howler monkey

Vanquished Creatures
  An adder (D:3)
  An ooze (D:3)
  3 dart slugs
  5 orcs (D:3)
  3 giant cockroaches
  4 goblins
  4 hobgoblins
  9 jackals
  9 kobolds
  A quokka (D:2)
  7 bats
  3 giant newts
  3 rats
53 creatures vanquished.
